 Dungeon Crawl Stone Soup version 0.26.0-45-g9c1d065592 (webtiles) character file.

Game seed: 17189486491123651028

(classic levelgen) 46 thiole the Stinger (level 3, 0/21 HPs)
             Began as an Octopode Venom Mage on Jan 31, 2021.
             Succumbed to an adder's poison
             ... on level 2 of the Dungeon.
             The game lasted 00:03:06 (1529 turns).

thiole the Stinger (Octopode Venom Mage)            Turns: 1529, Time: 00:03:07

Health: 0/21       AC:  1    Str:  7    XL:     3   Next: 66%
Magic:  4/6        EV: 13    Int: 18    God:
Gold:   81         SH:  0    Dex: 12    Spells: 6/7 levels left

rFire    . . .     SeeInvis .   (no weapon)
rCold    . . .     Faith    .   (no shield)
rNeg     . . .     Spirit   .   (helmet restricted)
rPois    .         Reflect  .   j - amulet of inaccuracy (curse)
rElec    .         Harm     .   (no ring)
rCorr    .         Rampage  .   (no ring)
Will     .....                  (no ring)
Stlth    +++.......             (no ring)
HPRegen  0.07/turn              (no ring)
MPRegen  0.10/turn              (no ring)
                                (no ring)
                                (no ring)

@: mighty, lethally poisoned (0 -> -3), berserk cooldown, hasted and slowed
A: almost no armour, stealthy swim, amphibious, 8 rings, constrict 8, camouflage
1, gelatinous body 1
a: no special abilities


You were on level 2 of the Dungeon.
You visited 1 branch of the dungeon, and saw 2 of its levels.

You collected 81 gold pieces.

Inventory:

Jewellery
 j - a cursed amulet of inaccuracy (around mantle)
Scrolls
 a - a scroll of fog
 b - a scroll of fear {unknown}
Potions
 c - a potion of berserk rage


   Skills:
 - Level 2.0 Dodging
 - Level 2.6 Stealth
 + Level 2.6 Spellcasting
 - Level 1.0 Transmutations
 - Level 5.0 Poison Magic


You had 6 spell levels left.
You knew the following spells:

 Your Spells              Type           Power        Failure   Level
a - Sting                 Tmut/Pois      52%          4%          1

Your spell library contained the following spells:

 Spells                   Type           Power        Failure   Level
 Poisonous Vapours        Pois/Air       22%          10%         2
 Ignite Poison            Fire/Tmut/Pois 9%           22%         3
 Olgreb's Toxic Radiance  Pois           20%          22%         4
 Mephitic Cloud           Conj/Pois/Air  8%           26%         3


Dungeon Overview and Level Annotations

Branches:
Dungeon (2/15)

Altars:


Innate Abilities, Weirdness & Mutations

You cannot wear most types of armour.
You are very stealthy in the water. (Stealth+)
You are amphibious.
You can wear up to eight rings at the same time.
You can use your tentacles to constrict eight enemies at once.
Your skin changes colour to match your surroundings (Stealth+).
Your rubbery body absorbs attacks. (AC +1, EV +1)


Message History

You feel yourself slow down.
There is a lethal amount of poison in your body!
There is a lethal amount of poison in your body!
It was a potion of might.
You feel very mighty all of a sudden.
* * * LOW HITPOINT WARNING * * *
You feel sick.
* * * LOW HITPOINT WARNING * * *
You feel sick.
You see here a stone.
* * * LOW HITPOINT WARNING * * *
You feel sick.
An adder comes into view.
* * * LOW HITPOINT WARNING * * *
You feel sick.
You see here a scroll of fog.
* * * LOW HITPOINT WARNING * * *
You feel sick.
There is a lethal amount of poison in your body!
You die...

...........###...#.....
..[..........#...#....
..................)...
.......<#+#.).#.#.#.#
##....#.# #†###.(...#
####.#.#.#(..(.....#
#+#.#.....(.....#
#....(.#.#.?#
..'......#@...#
...#......####.#
..##......# #..#
..''......# ##.#
.##......# .# #......#
.S #......# #.# ..


There were no monsters in sight!

Vanquished Creatures
  2 adders (D:2)
  A worm (D:2)
  A ball python (D:1)
  A giant cockroach (D:1)
  A goblin (D:2)
  5 hobgoblins
  7 kobolds
  A bat (D:1)
  3 frilled lizards
  4 rats
26 creatures vanquished.

Notes
Turn   | Place    | Note
-------+----------+-------------------------------------------
     0 | D:1      | thiole the Octopode Venom Mage began the quest for the Orb.
     0 | D:1      | Reached XP level 1. HP: 11/11 MP: 3/3
   218 | D:1      | Reached skill level 4 in Poison Magic
   382 | D:1      | Reached XP level 2. HP: 9/17 MP: 0/5
  1103 | D:2      | Reached skill level 5 in Poison Magic
  1103 | D:2      | Reached XP level 3. HP: 18/21 MP: 0/6
  1526 | D:2      | HP: 1/21 [poisoned by an adder]
  1529 | D:2      | Succumbed to an adder's poison

Illustrated notes

Levels and vault maps discovered:
D:1:      beargit_arrival_greenhouse, layout_rooms, hex_intersection
D:2:      layout_basic, led_sif_pool

Skill      XL: |  1  2 |
---------------+-------+-----
Poison Magic   | 4 5 |  5.0
Dodging        | |  2.0
Stealth        | |  2.6
Spellcasting   | |  2.6
Transmutations | |  1.0

Action                   || total
-------------------------++-------
Melee: Unarmed           ||    16
       Constrict         ||     5
       Tentacles         ||     2
 Cast: Sting             ||    43
  Use: Potion            ||     6
       Scroll            ||     5
Armor: Skin              ||     1
Dodge: Dodged            ||    15
